Map: Lightshade LE

Players

ExpecT

  • Race: Terran Terran

Rex - Winner!

  • Race: Zerg Zerg

VOD

Have the link to the VOD?

Description

Time

  • Played on: Sept. 30, 2021, 8:46 a.m.
  • Length: 15:46
Show
View Real Time Build Order
Export as new Build Order

ExpecT Terran 

Build Orders: Liberator Opening, Reaper Expand 

Get SALT Encoding   

  12  0:00  SCV  
  13  0:12  SCV  
  14  0:17  Supply Depot  
  14  0:24  SCV  
  15  0:38  SCV  
  15  0:39  Barracks  
  16  0:44  Refinery  
  16  0:50  SCV  
  17  1:03  SCV  
  18  1:15  SCV  
  19  1:27  Reaper, Orbital Command  
  20  1:38  Command Center  
  20  1:49  Supply Depot  
  20  1:53  SCV  
  21  1:58  Marine  
  22  2:05  SCV  
  22  2:06  Factory  
  23  2:17  SCV  
  23  2:20  Barracks Reactor  
  24  2:32  SCV  
  24  2:36  Command Center  
  25  2:44  SCV  
  26  2:51  Orbital Command  
  26  2:56  SCV  
  27  2:59  Starport  
  27  3:06  Refinery  
  27  3:08  SCV  
  27  3:11  Hellion  
  30  3:14  Hellion  
  32  3:21  SCV  
  32  3:23  Barracks Tech Lab  
  32  3:24  SCV  
  34  3:33  Hellion, SCV  
  37  3:35  Hellion  
  37  3:36  SCV  
  40  3:45  SCV  
  41  3:48  SCV  
  41  3:49  Liberator  
  41  3:50  Orbital Command  
  45  3:57  Hellion x2, SCV  
  45  4:01  SCV  
  51  4:09  SCV  
  52  4:13  Marine  
  52  4:14  Stimpack  
  52  4:16  SCV x2  
  55  4:18  Supply Depot  
  55  4:20  Hellion x2  
  55  4:21  SCV  
  60  4:28  SCV  
  61  4:37  Barracks  
  61  4:38  Barracks  
  61  4:39  SCV x2, Marine  
  61  4:40  SCV  
  61  4:41  Supply Depot, Starport Reactor  
  65  4:49  Factory Reactor  
  65  4:50  Engineering Bay  
  65  4:51  SCV, Engineering Bay  
  66  4:54  SCV  
  66  4:55  Supply Depot  
  66  4:58  Marine  
  68  5:00  SCV  
  68  5:03  SCV, Refinery  
  68  5:04  Refinery  
  70  5:16  Marine, Orbital Command  
  70  5:17  SCV x2  
  70  5:19  Barracks x2  
  73  5:26  Terran Infantry Weapons Level 1, Terran Infantry Armor Level 1  
  73  5:31  SCV x2  
  73  5:32  Factory Tech Lab  
  73  5:33  Supply Depot  
  73  5:34  Marine  
  76  5:37  Marine x4  
  76  5:42  SCV  
  81  5:43  SCV  
  81  5:49  SCV  
  83  5:52  Marine  
  83  5:54  SCV  
  83  5:55  Medivac x2, Marine x2  
  91  6:01  SCV  
  91  6:04  Supply Depot  
  92  6:05  Marine  
  92  6:10  Barracks Reactor x2  
  93  6:12  Armory  
  93  6:15  Supply Depot x2, SCV, Siege Tank, Marine  
  93  6:18  Marine x3  
  99  6:23  Marine  
  102  6:29  Combat Shield  
  102  6:33  Marine  
  102  6:36  Marine x2  
  102  6:37  SCV  
  102  6:38  SCV  
  107  6:44  Marine x2  
  107  6:46  Marine  
  107  6:47  Marine x2  
  109  6:48  Supply Depot  
  109  6:51  Marine  
  112  6:55  Orbital Command  
  112  6:57  Marine x2  
  114  7:01  Marine x2  
  114  7:02  Marine  
  114  7:04  Siege Tank  
  114  7:05  Marine  
  121  7:11  SCV x2, Marine x2  
  121  7:12  Marine  
  123  7:16  Marine x2  
  123  7:19  Marine  
  119  7:25  Marine x2  
  119  7:26  Marine  
  119  7:27  SCV x2  
  111  7:30  Marine x3  
  111  7:31  Terran Infantry Weapons Level 2, Terran Infantry Armor Level 2  
  111  7:34  Marine  
  111  7:35  Marine  
  116  7:37  Factory  
  116  7:39  Medivac x2  
  116  7:42  Siege Tank  
  125  7:44  Marauder  
  125  7:46  Missile Turret  
  120  7:51  Missile Turret, Marine x2  
  120  7:53  Marine x3  
  120  7:54  Marine  
  126  7:58  Marine  
  126  8:04  Marine  
  126  8:05  Marine  
  117  8:09  Medivac x2, Marine x2  
  117  8:10  SCV x3  
  117  8:11  Marine  
  127  8:17  Marine x4  
  131  8:22  Marine  
  131  8:23  Marine  
  133  8:31  Supply Depot  
  133  8:32  Supply Depot, SCV x2, Siege Tank  
  138  8:36  Marine x3  
  141  8:42  Sensor Tower  
  141  8:45  Factory Tech Lab  
  141  8:52  Marine x6  
  141  8:53  SCV x3  
  141  8:54  Marine x3  
  141  8:55  Supply Depot  
  153  8:58  Refinery  
  153  9:06  Supply Depot  
  153  9:10  Marine x4  
  153  9:16  Marine  
  164  9:17  Siege Tank x2  
  164  9:18  Missile Turret  
  164  9:19  Supply Depot  
  164  9:22  Supply Depot  
  164  9:26  Marine x2  
  164  9:29  Marauder  
  168  9:36  Marine x2  
  168  9:37  Marine x2  
  168  9:38  Missile Turret  
  172  9:40  Missile Turret  
  172  9:50  Marauder  
  174  9:54  Siege Tank, Marine  
  174  9:55  Marine x6  
  174  9:56  Marine  
  185  10:05  Supply Depot  
  185  10:06  Supply Depot  
  185  10:11  Marauder  
  185  10:12  Marine x2  
  186  10:18  Marine  
  186  10:19  Marine x4  
  183  10:23  Orbital Command  
  183  10:28  Siege Tank x2, Marine  
  187  10:30  Marine  
  187  10:31  Marine  
  187  10:33  Marauder  
  177  10:36  Marine  
  177  10:37  Marine x2  
  177  10:40  Marine x2  
  176  10:46  Marine  
  176  10:48  Marine  
  177  10:50  Medivac x2  
  177  10:52  Marine  
  177  10:54  Marauder, Marine  
  182  11:00  Siege Tank  
  179  11:05  Marine x2  
  150  11:13  Marine  
  150  11:14  Marine  
  150  11:16  Marauder  
  129  11:18  Siege Tank  
  129  11:19  Medivac  
  129  11:20  Medivac  
  129  11:24  Marine x3  
  129  11:25  Marine  
  117  11:31  Marine x2  
  117  11:32  Marine  
  109  11:37  Marauder, Siege Tank  
  109  11:38  Marine  
  115  11:42  Marine  
  115  11:43  Marine  
  115  11:44  Marine x2  
  119  11:49  Medivac, Marine x2  
  119  11:50  Medivac  
  119  11:51  Terran Infantry Weapons Level 3  
  125  11:54  Marine  
  125  11:56  Marine  
  125  11:58  Marauder  
  125  12:00  Marine  
  130  12:01  Marine  
  130  12:02  Marine x2  
  130  12:07  Siege Tank, Marine x2  
  138  12:12  Marine  
  138  12:14  Marine  
  133  12:18  Marine  
  133  12:19  Medivac, Marine x2  
  133  12:20  Medivac  
  133  12:22  Marine  
  135  12:26  Marine  
  125  12:30  Marine x2  
  125  12:31  Siege Tank  
  125  12:35  Marine  
  131  12:39  Siege Tank, Marine x3  
  131  12:40  Marauder, Marine  
  140  12:45  Marine  
  140  12:48  Marine  
  140  12:49  Marine  
  143  12:54  Marine  
  143  12:56  Marine  
  143  12:57  Marine  
  134  12:59  Marine x2  
  134  13:01  Marauder  
  134  13:03  Siege Tank, Marine  
  131  13:06  Marine  
  131  13:07  Marine  
  131  13:12  Marine  
  124  13:14  Marine x2  
  124  13:15  SCV x2  
  124  13:17  SCV  
  130  13:24  Marine x3  
  131  13:27  Marine x2  
  133  13:34  SCV  
  133  13:37  Missile Turret  
  133  13:40  Marine  
  115  13:56  Siege Tank  
  115  13:57  Siege Tank  
  108  14:03  Marine x2  
  108  14:04  Marauder, Marine x4  
  108  14:09  Marine x2  
  118  14:21  Marine x3  
  118  14:22  Marine  
  118  14:24  Marine  
  117  14:38  Marine x2  
  111  14:46  Marine  
  111  14:47  Marine x2  
  114  15:01  Marine x5  
  114  15:02  Marine  
  120  15:11  Marine  
  77  15:23  Marine x2  
  77  15:24  Marine x3  
Show
View Real Time Build Order
Export as new Build Order

Rex Zerg - Winner!

Build Orders: Hatch First 

Get SALT Encoding   

  12  0:00  Drone  
  13  0:12  Overlord  
  13  0:17  Drone  
  14  0:30  Drone x2  
  16  0:48  Hatchery  
  15  0:51  Drone  
  15  0:55  Drone  
  17  0:58  Drone  
  18  1:08  Extractor  
  17  1:13  Spawning Pool  
  17  1:16  Drone  
  17  1:21  Drone  
  18  1:28  Drone  
  19  1:38  Drone  
  20  1:49  Drone  
  21  2:00  Queen x2  
  26  2:01  Zergling x4  
  27  2:13  Overlord  
  27  2:15  Drone  
  28  2:22  Hatchery  
  27  2:32  Drone x2  
  27  2:36  Drone x2  
  30  2:41  Queen  
  30  2:43  Drone  
  33  2:49  Overlord  
  33  2:55  Drone x2  
  33  2:58  Metabolic Boost  
  35  3:09  Drone x5  
  40  3:16  Overlord  
  40  3:22  Spore Crawler  
  40  3:24  Queen  
  42  3:28  Drone x2  
  42  3:31  Overlord  
  44  3:42  Drone x5  
  44  3:48  Queen  
  51  3:52  Overlord  
  51  3:53  Drone x3  
  54  3:57  Drone x2  
  54  4:01  Overlord  
  56  4:09  Evolution Chamber  
  55  4:13  Drone  
  55  4:14  Drone x6  
  63  4:17  Queen  
  63  4:21  Lair  
  63  4:28  Baneling Nest  
  63  4:30  Drone x4  
  65  4:33  Extractor  
  65  4:34  Extractor  
  63  4:38  Spore Crawler  
  63  4:40  Spore Crawler x2  
  63  4:42  Zergling x4  
  63  4:43  Zergling x2  
  63  4:45  Drone  
  63  4:46  Drone  
  63  4:48  Extractor  
  63  4:49  Drone x2  
  63  4:52  Drone x2  
  68  5:01  Drone x6  
  68  5:04  Drone  
  75  5:08  Drone x2  
  75  5:11  Drone  
  75  5:13  Drone  
  78  5:15  Drone x4  
  78  5:21  Extractor x2  
  80  5:22  Spire, Overlord  
  79  5:31  Queen, Overlord x2  
  80  5:40  Drone  
  80  5:41  Drone x2  
  83  5:48  Centrifugal Hooks  
  82  5:50  Zergling x4  
  82  5:51  Zergling x4  
  86  6:05  Hatchery, Zergling x4  
  86  6:06  Zergling x14  
  86  6:11  Drone x2  
  96  6:13  Overlord  
  96  6:15  Overlord  
  96  6:16  Overlord  
  96  6:17  Drone x2  
  96  6:18  Drone  
  99  6:20  Baneling x2  
  99  6:21  Baneling x3  
  99  6:32  Queen  
  98  6:35  Drone  
  98  6:36  Drone  
  98  6:39  Mutalisk x2  
  100  6:40  Mutalisk x3  
  100  6:46  Mutalisk  
  100  6:47  Mutalisk x2  
  115  6:59  Evolution Chamber  
  115  7:00  Zergling x2  
  115  7:01  Zergling x14  
  122  7:02  Evolution Chamber  
  121  7:08  Baneling x2  
  121  7:15  Mutalisk x5  
  127  7:29  Drone x4  
  131  7:31  Drone x2  
  131  7:33  Drone, Zerg Ground Armor Level 1, Zerg Melee Weapons Level 1  
  134  7:40  Zerg Flyer Weapons Level 1  
  134  7:41  Zergling x2  
  135  7:45  Hatchery, Overlord x2  
  130  8:06  Drone, Baneling x4  
  130  8:07  Drone x9  
  130  8:09  Mutalisk  
  130  8:10  Mutalisk x3  
  130  8:11  Hatchery  
  147  8:17  Overseer  
  147  8:19  Overlord  
  147  8:22  Baneling x10  
  147  8:25  Overlord x4  
  147  8:28  Overlord  
  147  8:29  Overlord  
  147  8:32  Overlord  
  147  8:37  Overlord x2  
  147  8:41  Extractor  
  147  8:43  Zergling x18  
  147  8:46  Baneling x5  
  155  8:52  Drone x2, Pneumatized Carapace  
  155  8:53  Spore Crawler  
  156  8:59  Mutalisk x4  
  156  9:01  Drone x3  
  167  9:03  Drone  
  168  9:17  Zergling x2  
  168  9:19  Zergling x2  
  168  9:20  Zergling x20  
  168  9:23  Baneling x14  
  179  9:29  Spore Crawler  
  178  9:33  Zergling x22  
  178  9:34  Baneling  
  178  9:35  Baneling x2  
  188  9:45  Zergling x12  
  188  9:46  Zergling x10  
  188  9:50  Zerg Melee Weapons Level 2, Zerg Ground Armor Level 2  
  190  9:53  Infestation Pit  
  190  9:54  Mutalisk  
  190  9:59  Zergling x2  
  193  10:00  Zergling x14  
  188  10:14  Zergling x22  
  188  10:17  Hatchery  
  194  10:25  Baneling x6  
  185  10:31  Zergling x4  
  185  10:32  Zergling x10  
  185  10:35  Zergling x6  
  186  10:36  Zergling x10  
  186  10:38  Zergling x6  
  186  10:40  Zergling x6  
  193  10:43  Zergling x2  
  193  10:48  Zergling x6  
  193  10:49  Zergling x2  
  186  10:57  Zergling x10  
  186  10:58  Zergling x2  
  152  11:13  Zergling x2  
  152  11:16  Zergling x2  
  132  11:19  Zergling x10  
  132  11:24  Mutalisk  
  132  11:25  Mutalisk x7  
  137  11:29  Mutalisk  
  137  11:30  Mutalisk x2  
  140  11:37  Mutalisk  
  140  11:38  Mutalisk x2  
  140  11:39  Zergling x2  
  147  11:40  Zergling x2  
  147  11:44  Zergling x6  
  151  11:49  Zergling x4  
  151  11:50  Extractor  
  151  11:51  Zergling x2  
  153  11:54  Baneling x5  
  153  11:55  Baneling x5  
  153  11:58  Zergling x2  
  153  12:00  Zergling x2  
  153  12:01  Zergling x8  
  159  12:02  Baneling x4  
  159  12:05  Zergling x4  
  159  12:06  Zergling x2  
  162  12:08  Zergling x2  
  162  12:13  Zergling x2  
  162  12:15  Zergling x2  
  156  12:22  Zergling x2  
  141  12:32  Baneling x8  
  141  12:35  Zergling x14  
  148  12:37  Zergling x2  
  148  12:42  Baneling  
  148  12:43  Baneling x11  
  149  12:45  Zergling x22  
  149  12:49  Zergling x12, Extractor x2  
  163  12:54  Zergling x4  
  163  12:57  Hatchery  
  162  13:02  Zergling x10  
  161  13:13  Zerg Flyer Weapons Level 2  
  161  13:17  Zergling x18  
  169  13:21  Zergling x2, Extractor  
  169  13:22  Extractor  
  169  13:26  Mutalisk x3  
  174  13:28  Zergling x2  
  174  13:33  Zergling x6  
  178  13:36  Zergling x2  
  178  13:39  Zergling x2  
  177  13:42  Zergling x6  
  177  13:47  Zergling x2  
  169  13:49  Zergling x2  
  169  13:51  Zergling x4  
  169  13:54  Mutalisk  
  170  13:57  Zergling x2  
  170  14:02  Zergling x4  
  171  14:03  Zergling x2  
  171  14:08  Zergling x4  
  170  14:11  Zergling x2  
  170  14:13  Baneling x2  
  170  14:16  Overlord  
  167  14:19  Zergling x2  
  167  14:20  Zergling x6, Baneling  
  167  14:21  Baneling x9  
  167  14:23  Zergling x4  
  167  14:24  Zergling x4  
  173  14:27  Zergling x2  
  173  14:28  Zergling x2  
  169  14:32  Zergling x2  
  169  14:36  Zergling x8  
  169  14:37  Infestation Pit  
  173  14:39  Zergling x2  
  173  14:43  Zergling x2  
  173  14:45  Zergling x6  
  173  14:46  Zergling x2  
  173  14:48  Overlord  
  173  14:49  Overseer  
  174  14:55  Hatchery, Mutalisk  
  174  14:57  Mutalisk x3  
  174  14:58  Zergling x2  
  182  15:01  Zergling x2  
  182  15:06  Zergling x8  
  187  15:10  Baneling x10  
  185  15:17  Zergling x2  
  156  15:21  Zergling x2  
  156  15:22  Zergling x10  
  156  15:24  Zergling x2  
  156  15:27  Zergling x10  
Tags
 
Add a new tag
Caveats
  • Supply blocks, unpowered buildings, or Contaminate may cause inaccurate times.
  • Supply counts are checked every 10 seconds.